[Event "Team 45 45 League T90"]
[Site "Internet Chess Club"]
[Date "2021.10.19"]
[Round "2"]
[White "fileman"]
[Black "Goli"]
[Result "1-0"]
[WhiteElo "1779"]
[BlackElo "1740"]
[Opening "Caro-Kann defense"]
[ECO "B10"]
[Time "15:05:36"]
[PlyCount "93"]
[TimeControl "2700+45"]

1. e4 c6 2. Nf3 g6 3. d4 Bg7 4. c4 d6 5. Nc3 Nf6 6. Bd3 O-O 7. h3 Nbd7 8. Be3 e5
9. dxe5 Nxe5 10. Nxe5 dxe5 11. Qd2 Be6 12. Rd1 Qa5 13. O-O Rad8 14. Qc2 Rd7 15.
Rd2 Rfd8 16. Rfd1 Nh5 17. Bf1 Qc7 18. Rxd7 Rxd7 19. Rxd7 Bxd7 20. Bxa7 b6 21.
Qa4 Bc8 22. b4 Nf6 23. c5 b5 24. Qa3 Qd7 25. Bb6 Bh6 26. Qa8 Kg7 27. Qb8 Qe6 28.
Bc7 Bd7 29. Bxe5 Bd2 30. a3 Bxc3 31. Bxc3 Qxe4 32. Qe5 Qxe5 33. Bxe5 g5 34. Bd3
g4 35. hxg4 Bxg4 36. f3 Bh5 37. Be4 Bg6 38. Bxc6 Bd3 39. Kf2 Kg6 40. Bxf6 Kxf6
41. Be4 Bc4 42. Bxh7 Ke5 43. Ke3 f5 44. f4+ Kf6 45. Kd4 Be6 46. c6 Kg7 47. Ke5
{Black resigns} 1-0

[Event "Team 45 45 League T90"]
[Site "Internet Chess Club"]
[Date "2021.10.15"]
[Round "2"]
[White "cityprosecutor"]
[Black "bobhill"]
[Result "0-1"]
[WhiteElo "1716"]
[BlackElo "1911"]
[Opening "Sicilian defense"]
[ECO "B20"]
[Time "23:09:50"]
[TimeControl "2700+45"]

1. e4 c5 2. d3 Nc6 3. g3 g6 4. Bg2 Bg7 5. f4 d6 6. Nf3 Nf6 7. O-O O-O 8. Nbd2
Ng4 9. Nc4 b5 10. Ne3 Bxb2 11. Bxb2 Nxe3 12. Qd2 Nxf1 13. Rxf1 Qa5 14. Bc3 b4
15. Ba1 Ba6 16. f5 f6 17. Qh6 Ne5 18. fxg6 hxg6 19. Bxe5 Rf7 20. Ng5 dxe5 21.
Nxf7 Kxf7 22. Qh7+ Ke6 23. Qxg6 Qxa2 24. Bh3+ Kd6 25. Rxf6+ exf6 26. Qxf6+ Kc7
27. Qxe5+ Kb6 28. Qd6+ Ka5 29. Qxc5+ Bb5 {White resigns} 0-1

[Event "Team 45 45 League T90"]
[Site "Internet Chess Club"]
[Date "2021.10.15"]
[Round "2"]
[White "Rookmaster"]
[Black "Egmont"]
[Result "0-1"]
[WhiteElo "1456"]
[BlackElo "1553"]
[Opening "French: Two knights variation"]
[ECO "C00"]
[Time "04:00:19"]
[TimeControl "2700+45"]

1. e4 e6 2. Nf3 d5 3. Nc3 Nf6 4. e5 Nfd7 5. d4 c5 6. dxc5 Nxc5 7. Bb5+ Bd7 8.
Bxd7+ Qxd7 9. O-O Be7 10. Qe2 Nc6 11. Rd1 Rc8 12. Be3 Qc7 13. Nxd5 exd5 14. Rxd5
Ne6 15. c3 Rd8 16. Rad1 Rxd5 17. Rxd5 O-O 18. Qd2 Rd8 19. Rxd8+ Qxd8 20. Qxd8+
Bxd8 21. Kf1 Bc7 22. Bd4 Nf4 23. b4 Ng6 24. b5 Ncxe5 25. Nd2 b6 26. g3 f5 27.
Ke2 Kf7 28. h3 Nd7 29. f4 Ne7 30. Nb3 Nc8 31. Nd2 Nd6 32. a4 Nf6 33. Bxf6 Kxf6
34. Kd3 h5 35. Ke3 Nb7 36. Nb3 Bd6 37. Nd4 Bc5 38. Kd3 Bxd4 39. cxd4 Ke6 40. Ke3
Kd5 41. Kd3 Nd6 42. Ke3 Nc4+ {White resigns} 0-1

[Event "Team 45 45 League T90"]
[Site "Internet Chess Club"]
[Date "2021.10.16"]
[Round "2"]
[White "ascoli"]
[Black "BrianWood"]
[Result "1/2-1/2"]
[WhiteElo "1599"]
[BlackElo "1538"]
[Opening "Ruy Lopez: Anderssen variation"]
[ECO "C77"]
[Time "15:01:05"]
[TimeControl "2700+45"]

1. e4 e5 2. Nf3 Nc6 3. Bb5 a6 4. Ba4 Nf6 5. d3 Bc5 6. O-O b5 7. Bb3 d6 8. c3 Ba7
9. d4 O-O 10. a4 b4 11. a5 bxc3 12. bxc3 Bg4 13. h3 Bxf3 14. Qxf3 exd4 15. Bg5
Ne5 16. Qf5 Rb8 17. cxd4 Bxd4 18. Ra4 c5 19. Bd5 Qd7 20. Bxf6 Qxa4 21. Be7 Rfe8
22. Bxd6 Qxa5 23. Bxe5 Rxe5 24. Qxf7+ Kh8 25. Kh1 Ree8 26. f4 Rf8 {Game drawn by
mutual agreement} 1/2-1/2

[Event "Team 45 45 League T90"]
[Site "Internet Chess Club"]
[Date "2021.10.14"]
[Round "2"]
[White "CPTsopiens"]
[Black "hipopotamos"]
[Result "1-0"]
[WhiteElo "1808"]
[BlackElo "1710"]
[Opening "Ruy Lopez: Schliemann defense"]
[ECO "C63"]
[Time "17:30:44"]
[TimeControl "2700+45"]

1. e4 e5 2. Nf3 Nc6 3. Bb5 f5 4. d3 Nf6 5. Nc3 d6 6. O-O Be7 7. Re1 O-O 8. Bc4+
Kh8 9. Ng5 Qe8 10. Ne6 Bxe6 11. Bxe6 fxe4 12. dxe4 Nd4 13. Bc4 Qg6 14. Bd3 Ng4
15. Be3 Nf3+ 16. Kh1 Nxe1 17. Qxe1 Bg5 18. Bxg5 Qh5 19. h4 Nxf2+ 20. Kg1 Qg4 21.
Be3 Nh3+ 22. Kh2 Nf4 23. Qg3 Qh5 24. Rf1 Ng6 25. Rxf8+ Rxf8 26. Bg5 Nf4 27. Bxf4
exf4 28. Qg5 Qxg5 29. hxg5 c6 30. Be2 Kg8 31. Kh3 Kf7 32. Bc4+ Kg6 33. Kg4 Re8
34. Ne2 h5+ 35. gxh6 Kxh6 36. Kxf4 g5+ 37. Kf3 b5 38. Bd3 a5 39. Ng3 Rf8+ 40.
Nf5+ Kh5 41. g4+ Kg6 42. Ke3 Rf6 43. Nxd6 Rf4 44. e5+ Kg7 45. Bf5 Rb4 46. b3 a4
47. e6 Kf8 48. Nc8 Rf4 49. e7+ Ke8 50. Bg6+ Rf7 51. Nd6+ Kxe7 52. Nxf7 Kf6 53.
Be4 Kxf7 54. Bxc6 axb3 55. axb3 b4 56. Kd4 Ke6 57. Kc4 Ke5 58. Kxb4 Kf4 59. Bd7
Ke5 60. Kb5 Kd6 61. Bf5 Kc7 62. c4 Kd6 63. c5+ Kc7 64. c6 Kb8 65. Kc5 Ka8 66. b4
Kb8 67. b5 Ka7 68. b6+ Ka8 69. c7 Kb7 70. c8=Q# {Black checkmated} 1-0

[Event "Team 45 45 League T90"]
[Site "Internet Chess Club"]
[Date "2021.10.14"]
[Round "2"]
[White "qs16"]
[Black "Beetlejuice"]
[Result "0-1"]
[WhiteElo "1645"]
[BlackElo "1729"]
[Opening "Dutch"]
[ECO "A80"]
[Time "15:00:43"]
[TimeControl "2700+45"]

1. d4 f5 2. Nd2 Nf6 3. e3 g6 4. Bd3 Bg7 5. Ngf3 d6 6. e4 fxe4 7. Nxe4 O-O 8. O-O
Nxe4 9. Bxe4 Nc6 10. c3 e5 11. dxe5 Nxe5 12. Nxe5 Bxe5 13. Bh6 Bxh2+ 14. Kxh2
Qh4+ 15. Kg1 Qxh6 16. Bxb7 Bxb7 17. Qb3+ Rf7 18. Qxb7 Re8 19. Rae1 Rfe7 20. Rxe7
Rxe7 21. Qxa7 Qd2 22. c4 Qxb2 23. c5 Qd4 24. cxd6 Qxa7 25. dxe7 Kf7 {White
resigns} 0-1

[Event "Team 45 45 League T90"]
[Site "Internet Chess Club"]
[Date "2021.10.13"]
[Round "2"]
[White "Demachaeron"]
[Black "nidusin2"]
[Result "1-0"]
[WhiteElo "1689"]
[BlackElo "1623"]
[Opening "Four knights: Italian variation"]
[ECO "C47"]
[Time "21:00:52"]
[TimeControl "2700+45"]

1. e4 e5 2. Nf3 Nf6 3. Nc3 Nc6 4. Bc4 Bb4 5. d3 h6 6. Bd2 a6 7. O-O d6 8. h3 Na5
9. Bb3 Nxb3 10. axb3 Bd7 11. Re1 O-O 12. Na4 Bxd2 13. Qxd2 Bc6 14. Nc3 Nh5 15.
Ne2 f5 16. Ng3 Nxg3 17. fxg3 Qf6 18. c4 Qg6 19. Nh4 Qxg3 20. Nxf5 Qg5 21. Qxg5
hxg5 22. Rf1 Bd7 23. Ne7+ Kh7 24. Nd5 Rxf1+ 25. Rxf1 g4 26. h4 Kg6 27. Nxc7 Rc8
28. Nd5 Rc5 29. b4 Rxd5 30. exd5 Bf5 31. Rd1 g3 32. Kf1 Kh5 33. c5 dxc5 34. bxc5
Kxh4 35. Ke1 Kg5 36. Kd2 e4 37. d4 Kf6 38. Ke3 g5 39. Rf1 Kg6 40. d6 Bd7 41.
Kxe4 Kg7 42. Rf3 {Black resigns} 1-0

[Event "Team 45 45 League T90"]
[Site "Internet Chess Club"]
[Date "2021.10.18"]
[Round "2"]
[White "Timmah4651"]
[Black "rookmaster23"]
[Result "0-1"]
[WhiteElo "1566"]
[BlackElo "1656"]
[Opening "Réti: advance variation"]
[ECO "A09"]
[Time "22:07:59"]
[PlyCount "136"]
[TimeControl "2700+45"]

1. Nf3 d5 2. c4 d4 3. b4 e6 4. Qa4+ Bd7 5. b5 c5 6. d3 Bd6 7. g3 Ne7 8. Nbd2 O-O
9. Ne4 Qc7 10. Nxd6 Qxd6 11. Bg2 Na6 12. O-O Ng6 13. Qb3 Nc7 14. a4 e5 15. e3
Rfe8 16. exd4 exd4 17. Ba3 Rad8 18. Rfe1 Rxe1+ 19. Rxe1 Re8 20. Qd1 Bg4 21. Qd2
b6 22. Rxe8+ Nxe8 23. Bc1 Nf6 24. Qe1 Bf5 25. Qe2 Qe6 26. Kf1 Bh3 27. Qxe6 Bxg2+
28. Kxg2 fxe6 29. Ne1 e5 30. f3 Kf7 31. Kf2 Ke6 32. Nc2 Kd6 33. Na3 Kc7 34. Nb1
Kb7 35. Nd2 a5 36. Ne4 Nxe4+ 37. fxe4 Kc7 38. Kf3 Kd7 39. Kg4 Ke6 40. Bg5 Nf8
41. Bd8 Nd7 42. Bc7 Kf6 43. h4 g6 44. Bd8+ Kg7 45. Kg5 h6+ 46. Kg4 Nf6+ 47. Kf3
Nd7 48. Bc7 Kf6 49. Kg2 Ke7 50. Kh3 Ke6 51. Kh2 Kf6 52. Bd8+ Ke6 53. h5 g5 54.
Kh3 Kf7 55. Bc7 Ke6 56. Bd8 Kf7 57. Kg4 Ke6 58. Bxg5 hxg5 59. Kxg5 Nf6 60. Kg6
Nxe4 61. g4 Nf6 62. g5 Nxh5 63. Kxh5 Kf7 64. g6+ Kg7 65. Kg5 e4 66. dxe4 d3 67.
e5 d2 68. e6 d1=Q {White resigns} 0-1

[Event "Team 45 45 League T90"]
[Site "Internet Chess Club"]
[Date "2021.10.18"]
[Round "2"]
[White "Colombiano07"]
[Black "Sloggi"]
[Result "1/2-1/2"]
[WhiteElo "1898"]
[BlackElo "1945"]
[Opening "QGD Slav: 4.Nc3"]
[ECO "D15"]
[Time "22:43:47"]
[PlyCount "65"]
[TimeControl "2700+45"]

1. d4 d5 2. c4 c6 3. Nc3 Nf6 4. Nf3 a6 5. a4 e6 6. Bg5 a5 7. e3 Be7 8. Bd3 Na6
9. O-O Nb4 10. Bb1 Nd7 11. Bf4 dxc4 12. Nd2 Nd3 13. Bxd3 cxd3 14. Nc4 O-O 15.
Qxd3 b6 16. Rfc1 Ba6 17. b3 b5 18. axb5 cxb5 19. Nxa5 b4 20. Nb5 Qb6 21. Nc6 Bf6
22. Rxa6 Qxa6 23. e4 Rfc8 24. d5 Kh8 25. Qf1 Bc3 26. Nd6 Rf8 27. Qd1 Nc5 28. Be3
Nd3 29. Rb1 f5 30. dxe6 fxe4 31. e7 Qxc6 32. exf8=Q+ Rxf8 33. Nc4 {Game drawn by
mutual agreement} 1/2-1/2

[Event "Team 45 45 League T90"]
[Site "Internet Chess Club"]
[Date "2021.10.16"]
[Round "2"]
[White "room-matt"]
[Black "primerpaso"]
[Result "1/2-1/2"]
[WhiteElo "1811"]
[BlackElo "1916"]
[Opening "Sicilian: Najdorf, Lipnitzky attack"]
[ECO "B86"]
[Time "14:02:29"]
[TimeControl "2700+45"]

1. e4 c5 2. Nf3 d6 3. d4 cxd4 4. Nxd4 Nf6 5. Nc3 a6 6. Bc4 e6 7. O-O Nc6 8. Be3
Be7 9. f4 Bd7 10. Qe2 b5 11. Bd3 Nb4 12. e5 Nfd5 13. Nxd5 Nxd5 14. Bd2 Qb6 15.
c3 dxe5 16. fxe5 f5 17. exf6 Bxf6 18. Qe4 O-O-O 19. Kh1 Rde8 20. Rae1 Nc7 21.
Be3 Qb7 22. Qxb7+ Kxb7 23. Be4+ Nd5 24. a4 Kc7 25. axb5 axb5 26. Bf2 Kd6 27.
Bg3+ e5 28. Nb3 Bc6 29. Na5 Ba8 30. Rd1 Ke6 31. Bf5+ Ke7 32. Rfe1 Kf7 33. Bd7
Re7 34. Bxb5 Rc8 35. Bd3 Rc5 36. Nc4 Nf4 37. Bxf4 exf4 38. Nd6+ Kf8 39. Bxh7 f3
40. Ne4 fxg2+ 41. Kxg2 Rce5 42. Rd8+ Re8 43. Rxe8+ Rxe8 44. Kf1 Bh4 45. Re2 Re6
46. b3 g6 47. Ng3 Rf6+ 48. Ke1 Bf3 49. Re3 Bg5 50. Rd3 Kg7 51. Rd7+ Rf7 52.
Rxf7+ Kxf7 53. Kf2 Bd1 54. b4 Be7 55. Ke1 Bb3 56. b5 Bd8 57. Kd2 Kg7 58. Bxg6
Kxg6 59. Kd3 Kf7 60. c4 Ke6 61. Kc3 Bd1 62. Kd4 Bf3 63. c5 Bf6+ 64. Kc4 Bd5+ 65.
Kb4 Kd7 66. Ka5 Kc7 67. Kb4 Be5 68. Nf1 Bf4 69. Kc3 Be6 {Game drawn by mutual
agreement} 1/2-1/2

[Event "Team 45 45 League T90"]
[Site "Internet Chess Club"]
[Date "2021.10.15"]
[Round "2"]
[White "fishhead"]
[Black "cadmiumorange"]
[Result "1/2-1/2"]
[WhiteElo "1767"]
[BlackElo "1806"]
[Opening "Réti opening"]
[ECO "A04"]
[Time "14:01:51"]
[TimeControl "2700+45"]

1. Nf3 g6 2. e4 Bg7 3. Bc4 d6 4. O-O Nf6 5. Re1 O-O 6. d4 Nxe4 7. Bxf7+ Rxf7 8.
Rxe4 Bf5 9. Rf4 Nd7 10. g4 e5 11. Ng5 exf4 12. Nxf7 Kxf7 13. gxf5 Qh4 14. Qf3
gxf5 15. Bxf4 Qg4+ 16. Qxg4 fxg4 17. c3 Re8 18. Nd2 h5 19. Kg2 Nf6 20. Nf1 Nd5
21. Be3 Kg6 22. Kg3 Bh6 23. Re1 Nxe3 24. fxe3 Kg5 25. h4+ Kf5 26. Kf2 d5 27.
Ng3+ Kg6 28. e4 Rf8+ 29. Kg2 dxe4 30. Rxe4 Bf4 31. Re6+ Kf7 32. d5 Bxg3 33. Kxg3
Re8 34. Rh6 Re3+ 35. Kf4 Rf3+ 36. Ke4 Rh3 37. Rxh5 Rh2 38. b4 Rxa2 39. Rg5 Rg2
40. h5 Rg3 41. c4 Rc3 42. Kd4 Rh3 43. c5 g3 44. Ke5 g2 45. Rxg2 Rxh5+ 46. Kd4
Rh4+ 47. Kc3 Kf6 48. Re2 Rh3+ 49. Kc4 Rh4+ 50. Kc3 {Game drawn by mutual
agreement} 1/2-1/2

[Event "Team 45 45 League T90"]
[Site "Internet Chess Club"]
[Date "2021.10.17"]
[Round "2"]
[White "fhunfi"]
[Black "Portola"]
[Result "0-1"]
[WhiteElo "1732"]
[BlackElo "1756"]
[Opening "French: Rubinstein variation"]
[ECO "C10"]
[Time "18:00:28"]
[PlyCount "84"]
[TimeControl "2700+45"]

1. e4 e6 2. d4 d5 3. Nc3 dxe4 4. Nxe4 Be7 5. Nf3 Nd7 6. Bd3 Ngf6 7. Qe2 Nxe4 8.
Bxe4 O-O 9. Bf4 Nf6 10. Bd3 Qd5 11. Bxc7 Bd7 12. Bf4 Rac8 13. O-O a6 14. c4 Qa5
15. Ne5 Rcd8 16. Rfd1 Rfe8 17. Bd2 Qb6 18. Bc3 Bc6 19. Rab1 Qc7 20. f3 Bd6 21.
f4 b6 22. Bc2 Bb7 23. Re1 Qb8 24. b4 Qc8 25. Ba1 Bb8 26. Ng4 Nxg4 27. Qxg4 g6
28. Rbc1 Qc7 29. g3 Qd6 30. a3 a5 31. c5 Qc7 32. Qg5 Bd5 33. Be4 axb4 34. axb4
Qc6 35. b5 Qxb5 36. Rb1 Qa5 37. cxb6 Bd6 38. Bxd5 exd5 39. b7 Rxe1+ 40. Rxe1
Qxe1+ 41. Kg2 Qe4+ 42. Kg1 Re8 {White resigns} 0-1

[Event "Team 45 45 League T90"]
[Site "Internet Chess Club"]
[Date "2021.10.15"]
[Round "2"]
[White "janh"]
[Black "zugknightly"]
[Result "0-1"]
[WhiteElo "1939"]
[BlackElo "1924"]
[Opening "Queen's pawn: London system"]
[ECO "A45"]
[Time "19:33:41"]
[TimeControl "2700+45"]

1. d4 Nf6 2. Bf4 g6 3. Nc3 Bg7 4. e3 d6 5. h4 h5 6. Nf3 Bg4 7. Qd2 a6 8. O-O-O
b5 9. Bd3 Nbd7 10. e4 c5 11. dxc5 Nxc5 12. e5 dxe5 13. Bxe5 Nxd3+ 14. cxd3 O-O
15. Kb1 Bxf3 16. gxf3 b4 17. Ne2 Qd5 18. Qe3 Rfc8 19. Nf4 Qd7 20. Rhg1 Kh7 21.
Rde1 Rc6 22. d4 Qf5+ 23. Qd3 Qxd3+ 24. Nxd3 Nd5 25. Bxg7 Kxg7 26. Re5 e6 27.
Rxh5 Rc4 28. Rg4 Nf6 29. Rhg5 Nxg4 30. Rxg4 Rd8 31. Ne5 Rcxd4 32. f4 Rc8 {White
resigns} 0-1

[Event "Team 45 45 League T90"]
[Site "Internet Chess Club"]
[Date "2021.10.18"]
[Round "2"]
[White "Ajolote"]
[Black "achessman"]
[Result "1-0"]
[WhiteElo "1952"]
[BlackElo "1861"]
[Opening "Caro-Kann: advance variation"]
[ECO "B12"]
[Time "22:11:22"]
[PlyCount "69"]
[TimeControl "2700+45"]

1. e4 c6 2. d4 d5 3. e5 Bf5 4. h4 h5 5. c4 dxc4 6. Nc3 e6 7. Bxc4 Nd7 8. Nge2
Nb6 9. Bb3 Ne7 10. Ng3 Bg6 11. Bg5 Qd7 12. O-O Nf5 13. Nxf5 Bxf5 14. Qd2 Be7 15.
Rad1 Rd8 16. Rfe1 O-O 17. Qf4 Nd5 18. Nxd5 cxd5 19. Re3 Rc8 20. Bxe7 Qxe7 21.
Rg3 Kh7 22. Bxd5 Bg6 23. Be4 Bxe4 24. Qxe4+ g6 25. d5 exd5 26. Rxd5 Rfd8 27.
Rgd3 Rc1+ 28. Kh2 Rxd5 29. Rxd5 Rc6 30. g3 a6 31. Kg2 Qe6 32. a3 Rc2 33. Rd6 Qb3
34. Rd7 Rxb2 35. e6 {Black resigns} 1-0

[Event "Team 45 45 League T90"]
[Site "Internet Chess Club"]
[Date "2021.10.15"]
[Round "2"]
[White "ascoli"]
[Black "QuieroAprender"]
[Result "0-1"]
[WhiteElo "1602"]
[BlackElo "1600"]
[Opening "Sicilian defense"]
[ECO "B30"]
[Time "14:13:16"]
[TimeControl "2700+45"]

1. e4 c5 2. Nf3 Nc6 3. g3 g6 4. Bg2 Bg7 5. O-O d6 6. c3 e5 7. d3 Nge7 8. Nbd2
O-O 9. Re1 Bg4 10. h3 Be6 11. Nc4 Qc7 12. Ng5 Bd7 13. a4 h6 14. Nf3 Be6 15. h4
f5 16. exf5 Nxf5 17. g4 Nfe7 18. g5 h5 19. Nh2 Nf5 20. Nf3 Rad8 21. Ne3 Nce7 22.
Bh3 Kh7 23. Nxf5 Bxf5 24. Bxf5 Nxf5 25. a5 Qc6 26. Re4 d5 27. Re1 e4 28. dxe4
dxe4 29. Nd2 Nxh4 30. Nxe4 Rxd1 {White resigns} 0-1

[Event "Team 45 45 League T90"]
[Site "Internet Chess Club"]
[Date "2021.10.17"]
[Round "2"]
[White "Portola"]
[Black "Timmah4651"]
[Result "1-0"]
[WhiteElo "1740"]
[BlackElo "1579"]
[Opening "Torre attack (Tartakower variation)"]
[ECO "D03"]
[Time "06:05:51"]
[PlyCount "69"]
[TimeControl "2700+45"]

1. d4 d5 2. Nf3 Nf6 3. Bg5 Ne4 4. Bf4 c5 5. e3 Nc6 6. c3 Qb6 7. Qc1 Bg4 8. Nbd2
Bxf3 9. Nxf3 c4 10. Be2 e6 11. O-O Be7 12. Nd2 Nxd2 13. Qxd2 Qd8 14. e4 O-O 15.
exd5 Qxd5 16. Bf3 Qd7 17. Qe2 b5 18. b3 Rac8 19. bxc4 bxc4 20. Rfd1 g5 21. Bg3
f5 22. d5 g4 23. dxc6 gxf3 24. Rxd7 fxe2 25. Rxe7 Rfd8 26. Rd7 Rxd7 27. cxd7 Rd8
28. f3 Rxd7 29. Re1 Rd2 30. Kf2 Rxa2 31. Rxe2 Ra6 32. Be5 Rb6 33. Ra2 Rb5 34. f4
Rb7 35. Bd4 {Black resigns} 1-0

[Event "Team 45 45 League T90"]
[Site "Internet Chess Club"]
[Date "2021.10.14"]
[Round "2"]
[White "Grenadier"]
[Black "rubo"]
[Result "1-0"]
[WhiteElo "1548"]
[BlackElo "1480"]
[Opening "Caro-Kann: exchange, Rubinstein variation"]
[ECO "B13"]
[Time "20:03:46"]
[TimeControl "2700+45"]

1. e4 c6 2. d4 d5 3. exd5 cxd5 4. Bd3 Nc6 5. c3 Nf6 6. Bf4 e6 7. Nf3 Bd6 8. Bg3
Qc7 9. Qe2 O-O 10. Nbd2 b6 11. Ne5 Bb7 12. f4 g6 13. Bh4 Nh5 14. O-O Be7 15.
Bxe7 Qxe7 16. Rae1 Ng7 17. Ndf3 Nxe5 18. Nxe5 Rae8 19. Bb5 Rd8 20. Bc6 Rd6 21.
Bb5 f5 22. Rf3 Nh5 23. Ref1 Nf6 24. Rg3 Kg7 25. Bd3 Ne4 26. Rh3 Qf6 27. Ba6 Ba8
28. Bb5 Bb7 29. Nd7 Rxd7 30. Bxd7 Rh8 31. Ba4 h5 32. Bc2 Nd6 33. Re1 Ne4 34. Re3
Rg8 35. Qb5 Qe7 36. Qe2 Qf6 37. Bd3 Qh4 38. g3 Qf6 39. Ba6 Ba8 40. Qb5 Rd8 41.
Qa4 Kf8 42. Bb5 Qe7 43. Bc6 Qc7 44. Bxa8 Rxa8 45. Qb3 Kf7 46. Qc2 Re8 47. b3 b5
48. c4 bxc4 49. bxc4 Rc8 50. c5 Qc6 51. Rb1 Nd6 52. Reb3 Nc4 53. Rb7+ Rc7 54.
Rxc7+ Qxc7 55. Qb3 Qa5 56. Qb7+ Kf6 57. Qb8 {Black resigns} 1-0

[Event "Team 45 45 League T90"]
[Site "Internet Chess Club"]
[Date "2021.10.19"]
[Round "2"]
[White "marioseixas1992"]
[Black "GoIrish"]
[Result "1-0"]
[WhiteElo "1406"]
[BlackElo "1518"]
[Opening "French: advance variation"]
[ECO "C02"]
[Time "14:00:11"]
[PlyCount "63"]
[TimeControl "2700+45"]

1. e4 e6 2. d4 d5 3. e5 c5 4. c3 Qb6 5. a3 Bd7 6. b4 cxd4 7. cxd4 Bb5 8. Bxb5+
Qxb5 9. Nf3 Ne7 10. Nc3 Qc4 11. Ne2 Nf5 12. O-O Nd7 13. g4 Nh6 14. Bxh6 gxh6 15.
Rc1 Qa6 16. Ng3 Qxa3 17. Qe2 Qa6 18. b5 Qb6 19. Rc3 Qd8 20. Rfc1 Nb6 21. Nh5 Be7
22. Qd2 Rg8 23. h3 Nc4 24. Qxh6 Kd7 25. Qxh7 Qf8 26. Nf6+ Bxf6 27. exf6 Rh8 28.
Qc2 Rc8 29. Ne5+ Nxe5 30. Rc7+ Rxc7 31. Qxc7+ Ke8 32. Qc8# {Black checkmated}
1-0

[Event "Team 45 45 League T90"]
[Site "Internet Chess Club"]
[Date "2021.10.16"]
[Round "2"]
[White "seattleblues"]
[Black "nosir"]
[Result "1/2-1/2"]
[WhiteElo "1354"]
[BlackElo "1430"]
[Opening "King's Indian, 3.Nf3"]
[ECO "E61"]
[Time "07:01:51"]
[TimeControl "2700+45"]

1. d4 g6 2. Nf3 Nf6 3. c4 Bg7 4. Nc3 O-O 5. Bf4 d6 6. e3 Nbd7 7. Be2 a6 8. O-O
Nh5 9. Bg5 h6 10. Bh4 g5 11. Nd2 Nhf6 12. Bg3 e5 13. d5 Nh7 14. Qc2 f5 15. f3
Ndf6 16. Bd3 f4 17. exf4 exf4 18. Bf2 Rf7 19. Rae1 Nf8 20. Nce4 N8d7 21. Nxf6+
Bxf6 22. Bg6 Re7 23. Rxe7 Qxe7 24. Re1 Ne5 25. Bd4 Bd7 26. Bh5 Be8 27. Bg4 Qg7
28. Ne4 Nxg4 29. Nxf6+ Nxf6 30. Re6 Bg6 31. Qe2 Re8 32. Bxf6 Qf7 33. Rxe8+ Qxe8
34. Qxe8+ Bxe8 35. Bd8 c6 36. Be7 cxd5 37. cxd5 Bf7 38. Bxd6 Bxd5 39. a3 Kf7 40.
Kf2 Ke6 41. Bf8 h5 42. g3 fxg3+ 43. hxg3 Kf5 44. Bd6 Bc6 45. Ke3 Bd5 46. Bc7 Ke6
47. Bd8 Kf5 48. Bc7 {Game drawn by mutual agreement} 1/2-1/2

[Event "Team 45 45 League T90"]
[Site "Internet Chess Club"]
[Date "2021.10.15"]
[Round "2"]
[White "Redman1"]
[Black "elmaestro"]
[Result "0-1"]
[WhiteElo "1570"]
[BlackElo "1616"]
[Opening "Dutch: classical variation"]
[ECO "A96"]
[Time "14:15:50"]
[TimeControl "2700+45"]

1. d4 f5 2. Nf3 e6 3. g3 Nf6 4. Bg2 Be7 5. c4 O-O 6. O-O d6 7. Nc3 Nc6 8. d5 Ne5
9. Nxe5 dxe5 10. dxe6 c6 11. Qxd8 Rxd8 12. b3 Bxe6 13. h3 Bb4 14. Na4 Rac8 15.
Be3 b6 16. Rad1 e4 17. Bd4 b5 18. Nb2 Rd7 19. Bxf6 gxf6 20. Rxd7 Bxd7 21. Rd1
Be6 22. Kf1 Ba3 23. Rd2 Bxb2 24. Rxb2 Rd8 25. Ke1 bxc4 26. bxc4 Bxc4 27. a3 Bb5
28. g4 Ba4 29. e3 Rd1+ 30. Ke2 Rg1 31. Bf1 Bb5+ {White resigns} 0-1

[Event "Team 45 45 League T90"]
[Site "Internet Chess Club"]
[Date "2021.10.14"]
[Round "2"]
[White "AlWynJones"]
[Black "Chess4Him"]
[Result "1-0"]
[WhiteElo "1276"]
[BlackElo "1509"]
[Opening "English: Caro-Kann defensive system"]
[ECO "A11"]
[Time "11:00:42"]
[TimeControl "2700+45"]

1. c4 c6 2. Nc3 d5 3. e3 Nf6 4. d4 Bf5 5. Nf3 e6 6. Ne5 Nbd7 7. g4 Bg6 8. h4
Nxe5 9. dxe5 Nd7 10. h5 Be4 11. f3 Bxf3 12. Qxf3 Nxe5 13. Qd1 Qf6 14. Bg2 Nxc4
15. Qf3 Qxf3 16. Bxf3 Bc5 17. e4 Ne5 18. Ke2 d4 19. Na4 d3+ 20. Kd1 Bd4 21. Rf1
O-O-O 22. Bf4 Nc4 23. Rc1 Ne3+ 24. Bxe3 Bxe3 25. Rc3 Rd4 26. b3 e5 27. Rc4 Rhd8
28. Rxd4 Bxd4 29. Kd2 b5 30. Nc3 Bb6 31. Bg2 Rd7 32. Rf3 h6 33. Rxd3 f6 34. Rxd7
Kxd7 35. Nd1 Ba5+ 36. Kd3 Kd6 37. Ne3 Ke6 38. Nf5 Kf7 39. a4 Bb4 40. Bf1 Bf8 41.
Kc3 b4+ 42. Kc4 a5 43. Ne3 Ke6 44. Bh3 Kd7 45. g5+ Ke7 46. gxh6 gxh6 47. Nf5+
Kf7 48. Kd3 Ke8 49. Ke2 Kd8 50. Ne3 Bd6 51. Nc4 Bc7 52. Kf3 Ke7 53. Kg4 Kf8 54.
Kf5 Kg7 55. Bf1 Kf7 56. Ne3 Bb6 57. Ng4 Bd8 58. Nxh6+ Kg7 59. Ng4 Be7 60. Ke6
Bd8 61. Kd7 Bb6 62. Kxc6 Bd4 63. Kb5 Bc3 64. Kxa5 f5 65. exf5 e4 66. f6+ Bxf6
67. Nxf6 Kxf6 68. Kxb4 Kg5 69. a5 e3 70. a6 {Black resigns} 1-0

[Event "Team 45 45 League T90"]
[Site "Internet Chess Club"]
[Date "2021.10.14"]
[Round "2"]
[White "Constrictor"]
[Black "trogers41"]
[Result "0-1"]
[WhiteElo "1490"]
[BlackElo "1315"]
[Opening "Nimzovich-Larsen attack: modern variation"]
[ECO "A01"]
[Time "17:00:26"]
[TimeControl "2700+45"]

1. b3 e5 2. Bb2 Nc6 3. e3 d5 4. Bb5 Bd6 5. f4 Qh4+ 6. g3 Qe7 7. Nf3 Bg4 8. h3
Bxf3 9. Qxf3 e4 10. Qf2 f5 11. Nc3 Nf6 12. O-O-O Ba3 13. Rdg1 Bxb2+ 14. Kxb2 a6
15. Be2 O-O-O 16. g4 d4 17. Nb1 dxe3 18. dxe3 g6 19. gxf5 gxf5 20. Rg5 Qc5 21.
Bc4 Ne7 22. Nc3 Kb8 23. Rgg1 b5 24. Be2 Ned5 25. Nxd5 Nxd5 26. Rg3 Nb4 27. c4
Rd2+ 28. Kb1 Nxa2 29. Rd1 Nc3+ {White resigns} 0-1

[Event "Team 45 45 League T90"]
[Site "Internet Chess Club"]
[Date "2021.10.16"]
[Round "2"]
[White "seldredg"]
[Black "BrerRabbit"]
[Result "1-0"]
[WhiteElo "1398"]
[BlackElo "1360"]
[Opening "Queen's pawn, Mason variation"]
[ECO "D00"]
[Time "19:01:13"]
[TimeControl "2700+45"]

1. d4 d5 2. Bf4 Nf6 3. e3 c5 4. c3 Nc6 5. Nf3 Qb6 6. Qb3 c4 7. Qc2 Bf5 8. Qe2
Bd3 9. Qd2 Ne4 10. Qc1 Bxf1 11. Kxf1 e6 12. Nbd2 Nf6 13. Qc2 Be7 14. Rb1 Qd8 15.
Ne5 Nxe5 16. dxe5 Nd7 17. Nf3 O-O 18. h4 Nc5 19. Ng5 Nd3 20. g4 g6 21. Rd1 Qb6
22. Rb1 Qa6 23. a4 Rfc8 24. Kg2 Rc5 25. Rhd1 Ra5 26. Ra1 Rc5 27. Bg3 Rc7 28. Nf3
Nc5 29. g5 Ne4 30. Nh2 Qb6 31. Ng4 Rc6 32. Bf4 Qc7 33. Rh1 Rb6 34. h5 Nxg5 35.
hxg6 hxg6 36. Nf6+ Bxf6 37. exf6 Qd8 38. Bxg5 Rb3 39. Rh4 Qb6 40. Rah1 Rxb2 41.
Rh8# {Black checkmated} 1-0

[Event "Team 45 45 League T90"]
[Site "Internet Chess Club"]
[Date "2021.10.17"]
[Round "2"]
[White "Signofthetimes"]
[Black "QuieroAprender"]
[Result "1/2-1/2"]
[WhiteElo "1573"]
[BlackElo "1601"]
[Opening "Hungarian defense"]
[ECO "C50"]
[Time "14:11:40"]
[PlyCount "60"]
[TimeControl "2700+45"]

1. e4 e5 2. Nf3 Nc6 3. Bc4 Be7 4. Nc3 Nf6 5. d4 Nxe4 6. Nxe4 d5 7. Bb5 dxe4 8.
Bxc6+ bxc6 9. Nxe5 Qd5 10. c3 O-O 11. O-O f6 12. Ng4 h5 13. Ne3 Qf7 14. f3 exf3
15. Qxf3 Ba6 16. Re1 Bd3 17. Qxc6 Bd6 18. Qd5 Rfe8 19. Qxf7+ Kxf7 20. Bd2 c5 21.
Nf1 cxd4 22. Rxe8 Rxe8 23. cxd4 g5 24. g3 Re2 25. Re1 Rxe1 26. Bxe1 Ke6 27. Ne3
f5 28. Bc3 f4 29. gxf4 Bxf4 30. Ng2 Bc7 {Game drawn by mutual agreement} 1/2-1/2

[Event "Team 45 45 League T90"]
[Site "Internet Chess Club"]
[Date "2021.10.15"]
[Round "2"]
[White "mongmong"]
[Black "scostanzo212"]
[Result "1/2-1/2"]
[WhiteElo "1488"]
[BlackElo "1528"]
[Opening "Queen's pawn game"]
[ECO "D04"]
[Time "18:02:59"]
[TimeControl "2700+45"]

1. d4 d5 2. Nf3 Nf6 3. e3 c5 4. c3 Nc6 5. Nbd2 e6 6. Bd3 Bd6 7. O-O b6 8. a3 Bb7
9. b4 cxd4 10. cxd4 Rc8 11. Nb3 O-O 12. Bd2 {Game drawn by mutual agreement}
1/2-1/2